 Dungeon Crawl Stone Soup version 0.30-a0-937-ga0a21ad780 (webtiles) character file.

Game seed: 15483370852505690890

17511 Coron the Severer (level 13, 0/177 HPs)
             Began as a Meteoran Fighter on Mar 24, 2023.
             Was a High Priest of Makhleb.
             Slain by an orc warlord
             ... wielding a +2 war axe of flaming
              (17 damage)
             ... on level 2 of the Orcish Mines.
             The game lasted 00:39:04 (5372 turns).

Coron the Severer (Meteoran Fighter)                Turns: 5372, Time: 00:39:04

Health: 0/177      AC: 18    Str: 27    XL:     13   Next: 15%
Magic:  20/20      EV:  7    Int: 10    God:    Makhleb [*****.]
Gold:   932        SH:  5    Dex: 16    Spells: 12/12 levels left

rFire   . . .      SeeInvis .    b - +3 war axe
rCold   . . .      Faith    .    c - +0 buckler
rNeg    . . .      Spirit   .    A - +0 plate armour
rPois   .          Reflect  .    (no helmet)
rElec   .          Rampage  .    (no cloak)
rCorr   +                        f - +0 pair of gloves
Will    +....                    q - +0 pair of boots Stlth
                                 F - amulet of regeneration
HPRegen 1.29/turn                D - +6 ring of strength
MPRegen 0.17/turn                B - ring of resist corrosion

@: berserking, glowing, studying Armour, very quick
A: sense surroundings 2, otherworldly, glowing, explore regen
a: Renounce Religion, Minor Destruction, Lesser Servant of Makhleb, Major
Destruction, Greater Servant of Makhleb


You were on level 2 of the Orcish Mines.
You worshipped Makhleb.
Makhleb was extremely pleased with you.
You visited 2 branches of the dungeon, and saw 14 of its levels.
You also visited: Ossuary, Bailey and Gauntlet.

You collected 932 gold pieces.

Inventory:

Hand Weapons
 a - a +0 broad axe
 b - a +3 war axe (weapon)
 Q - a +2 hand axe of venom
 Y - the +3 shortbow "Spiderbane" {antimagic, rC- rN+ Int+3}
   (You took it off a minotaur in a Gauntlet)

   Int:       It affects your intelligence (+3).
   rC:        It makes you vulnerable to cold.
   rN:        It protects you from negative energy.
Missiles
 t - a curare-tipped dart
 w - 27 poisoned darts (quivered)
 S - a throwing net
Armour
 c - a +0 buckler (worn)
 f - a +0 pair of gloves (worn)
 l - a +0 chain mail
 q - a +0 pair of boots (worn)
 A - a +0 plate armour (worn)
Jewellery
 n - a ring of protection from cold
 x - a +6 ring of strength
 B - a ring of resist corrosion (right hand)
 D - a +6 ring of strength (left hand)
 F - an amulet of regeneration (around neck)
 K - a ring of positive energy
 W - a ring of see invisible
Wands
 M - a wand of roots (11)
 O - a wand of charming (5)
 U - a wand of digging (4)
 V - a wand of flame (3)
Scrolls
 g - 2 scrolls of poison
 h - 3 scrolls of fear
 i - 5 scrolls of vulnerability
 j - a scroll of summoning
 k - a scroll of amnesia
 s - 2 scrolls of magic mapping {unknown}
 v - 3 scrolls of teleportation
 y - a scroll of acquirement {unknown}
 E - a scroll of fog {unknown}
 H - a scroll of enchant armour {unknown}
 J - a scroll of torment {unknown}
 L - 2 scrolls of enchant weapon {unknown}
 R - a scroll of blinking
Potions
 d - a potion of might
 e - 2 potions of haste
 m - 3 potions of resistance
 o - a potion of flight
 p - 4 potions of lignification
 r - 2 potions of brilliance
 u - 6 potions of curing
 z - 5 potions of cancellation
 C - 2 potions of attraction
 I - a potion of ambrosia
 N - a potion of experience {unknown}
 P - 2 potions of mutation {unknown}
 T - a potion of degeneration {unknown}
 X - a potion of magic {unknown}
Miscellaneous
 Z - a tin of tremorstones (2/2)


   Skills:
 - Level 12.0 Fighting
 - Level 15.0 Axes
 + Level 12.5 Armour
 - Level 5.0 Shields
 - Level 8.0 Invocations


You had 12 spell levels left.
You didn't know any spells.
Your spell library contained the following spells:

 Spells                   Type           Power      Damage    Failure   Level
 Apportation              Tloc           0%         N/A       98%         1
 Foxfire                  Conj/Fire      0%         2x1d4     98%         1
 Dazzling Flash           Conj/Hex       0%         N/A       100%        3
 Cause Fear               Hex            0%         N/A       100%        4
 Agony                    Necr           0%         N/A       100%        5
 Alistair's Intoxication  Tmut/Pois      0%         N/A       100%        5
 Fireball                 Conj/Fire      0%         3d3       100%        5
 Silence                  Hex/Air        0%         N/A       100%        5
 Starburst                Conj/Fire      0%         6d3       100%        6
 Dragon Form              Tmut           0%         N/A       100%        7
 Dragon's Call            Summ           0%         N/A       100%        9


Dungeon Overview and Level Annotations

Branches:
Dungeon (12/15) Zot: 2833  Temple (0/1) D:5            Lair (0/5) D:8
    Orc (2/2) D:9 Zot: 927     Elf (0/3) Orc:2       Ossuary (visited)
 Bailey (visited)         Gauntlet (visited)

Altars:
Makhleb
Qazlal
Sif Muna
Wu Jian
Xom
Zin

Shops:
D:7 *

Portals:
Trove: D:11 (give +8 demon blade)


Innate Abilities, Weirdness & Mutations

You passively map the area around you.
You are easily found by Zot.
You glow in the dark.
You regain HP and MP as you explore.


Message History

The orc warrior unwields a +0 trident.
The orc warrior wields a +0 arbalest.
The orc warrior shoots a bolt.
The bolt barely misses you.
The orc warlord roars a battlecry!
Unknown command.
A red film seems to cover your vision as you go berserk!
You feel yourself moving faster!
You feel mighty!
You hear some strange, mumbled words.
A puff of flame appears from out of thin air!
The puff of flame hits you!
* * * LOW HITPOINT WARNING * * *
You slash the orc warlord!
The orc warlord is heavily wounded.
The orc warlord hits you with a +2 war axe of flaming!!
* * * LOW HITPOINT WARNING * * *
The orc warlord burns you.
* * * LOW HITPOINT WARNING * * *
You barely miss the orc warlord.
The orc warlord is heavily wounded.
You barely miss the orc warrior. You barely miss something.
You hit the orc warlord.
The orc warlord is heavily wounded.
You barely miss something. You hit the orc warrior.
You hear some strange, mumbled words.
Something tries to affect you, but you resist.
The orc warrior unwields a +0 arbalest.
The orc warrior wields a +0 trident.
The orc warrior hits you with a +0 trident!
* * * LOW HITPOINT WARNING * * *
The orc warlord hits you but does no damage.
You slash the orc warlord!
The orc warlord is severely wounded.
You slice something!! Makhleb accepts your kill.
You feel better.
Reactivating autopickup.
You feel a bit more experienced.
You slash the orc warrior! You hit the orc warlord.
The orc warlord is severely wounded.
You slash the orc warrior!
The orc warlord hits you with a +2 war axe of flaming!
You die...

,, ............<..## ..*
.....$....#...............#...
......................#........,
......$...........).)......#..#*
.................)..)<#)......#,,
,............$...†)))#.[.......
....................[[(......#,
,,, #............).$..........#
*, *##..[.......@o.............
*###...#<.......o............#
##..........................##
#........$...............####
*##>...[............$$...#. *,*
##........................
##.#...###.....#..... * * #######
############** **


You could see an orc warlord and an orc warrior (strong).

Vanquished Creatures
  A minotaur (Gauntlet)
  2 vault guards (Bailey)
  2 oklob plants (Gauntlet)
  2 manticores (D:11)
  A cyclops (Orc:2)
  A moth of wrath (Gauntlet)
  An apocalypse crab (Gauntlet)
  A torpor snail (Gauntlet)
  An unseen horror (D:10)
  A rime drake (D:8)
  4 trolls
  Prince Ribbit (Bailey)
  A wraith (D:10)
  2 wyverns
  6 humans (Bailey)
  24 yaks
  2 steam dragons (D:8)
  3 redbacks (Gauntlet)
  4 acid dragons
  3 wargs
  A sky beast (D:7)
  A hornet zombie (Ossuary)
  9 orc warriors
  3 ice beasts (D:8)
  An ogre (Orc:1)
  2 centaurs
  2 phantoms
  2 kobold brigands
  7 bullfrogs
  2 gnoll sergeants (D:9)
  2 scorpions
  5 wights (D:8)
  13 killer bees
  3 howler monkeys
  A lava snake (D:10)
  3 centaur zombies (Ossuary)
  3 orc priests (Orc:2)
  3 jellies
  6 bullfrog zombies (Ossuary)
  3 hounds
  3 gnoll boudas
  13 mummies (Ossuary)
  3 sleepcaps
  8 orc wizards
  A howler monkey zombie (Ossuary)
  23 gnolls
  4 adders
  A shadow imp (D:8)
  A white imp (D:6)
  An ufetubus (D:6)
  2 worms
  2 dart slugs (D:2)
  34 orcs
  2 endoplasms
  2 giant cockroaches
  8 goblins
  6 hobgoblins
  2 jackals (D:3)
  2 quokkas
  7 ball pythons
  8 bats
  2 frilled lizards
  18 kobolds
  4 rats
292 creatures vanquished.

Vanquished Creatures (others)
  A kobold (D:8)
  5 demonic plants (Gauntlet)
  2 fungi (D:3)
  A plant (D:4)
  11 withered plants (Ossuary)
20 creatures vanquished.

Grand Total: 312 creatures vanquished

Notes
Turn   | Place    | Note
-------+----------+-------------------------------------------
     0 | D:1      | Coron the Meteoran Fighter began the quest for the Orb.
     0 | D:1      | Reached XP level 1. HP: 19/19 MP: 2/2
    71 | D:1      | Reached XP level 2. HP: 26/26 MP: 3/3
   172 | D:2      | Reached XP level 3. HP: 31/31 MP: 4/4
   265 | D:2      | Reached skill level 3 in Axes
   669 | D:3      | Reached XP level 4. HP: 40/40 MP: 5/5
   690 | D:3      | Found a burning altar of Makhleb.
   691 | D:3      | Found a glowing silver altar of Zin.
   693 | D:3      | Found a shimmering blue altar of Sif Muna.
   696 | D:3      | Became a worshipper of Makhleb the Destroyer
   729 | D:3      | Found a stormy altar of Qazlal.
   919 | D:4      | Reached skill level 4 in Axes
   922 | D:4      | Reached XP level 5. HP: 44/46 MP: 6/6
  1012 | D:4      | Reached skill level 5 in Armour
  1014 | D:4      | Noticed a phantom
  1061 | D:4      | Killed a phantom
  1062 | D:4      | Reached XP level 6. HP: 35/52 MP: 7/7
  1094 | D:4      | Reached * piety under Makhleb
  1198 | D:5      | Entered Level 5 of the Dungeon
  1233 | D:5      | Reached skill level 5 in Axes
  1253 | D:5      | Reached XP level 7. HP: 49/59 MP: 8/8
  1275 | D:5      | Reached skill level 6 in Axes
  1333 | D:5      | Found a sand-covered staircase.
  1337 | Ossuary  | Entered an ossuary
  1360 | Ossuary  | Reached skill level 5 in Fighting
  1443 | Ossuary  | Reached skill level 7 in Axes
  1443 | Ossuary  | Reached XP level 8. HP: 63/68 MP: 9/9
  1459 | Ossuary  | Reached skill level 8 in Axes
  1566 | Ossuary  | Reached skill level 5 in Shields
  1629 | D:5      | Found a staircase to the Ecumenical Temple.
  1763 | D:5      | Reached ** piety under Makhleb
  1773 | D:5      | Gained mutation: You passively map the area around you.
                  | [Meteoran growth]
  1773 | D:5      | Reached XP level 9. HP: 71/75 MP: 10/10
  2067 | D:6      | Reached skill level 1 in Invocations
  2403 | D:7      | Reached skill level 9 in Axes
  2474 | D:7      | Found Rstiy's Retail Resort.
  2711 | D:8      | Noticed a two-headed ogre
  2715 | D:8      | Noticed a rime drake
  2717 | D:8      | Reached XP level 10. HP: 50/86 MP: 13/13
  2765 | D:8      | Found a flagged portal.
  2780 | D:8      | Reached skill level 10 in Axes
  2810 | Bailey   | Entered a bailey
  2831 | Bailey   | Reached *** piety under Makhleb
  2856 | Bailey   | Reached skill level 10 in Armour
  2904 | Bailey   | Noticed a vault guard
  2919 | Bailey   | Killed a vault guard
  2920 | Bailey   | Reached skill level 11 in Axes
  2920 | Bailey   | Reached skill level 5 in Invocations
  2941 | Bailey   | Noticed Prince Ribbit
  2941 | Bailey   | Noticed a vault guard
  2991 | Bailey   | Killed a vault guard
  2992 | Bailey   | Reached XP level 11. HP: 37/97 MP: 15/15
  3005 | Bailey   | Killed Prince Ribbit
  3006 | Bailey   | Reached skill level 12 in Axes
  3160 | D:8      | Found a staircase to the Lair.
  3175 | D:8      | Reached skill level 10 in Fighting
  3306 | D:8      | Found an ornate altar of the Wu Jian Council.
  3365 | D:9      | Reached **** piety under Makhleb
  3415 | D:9      | Found a staircase to the Orcish Mines.
  3761 | D:9      | Reached skill level 13 in Axes
  3789 | D:10     | Entered Level 10 of the Dungeon
  3825 | D:10     | Found a shimmering altar of Xom.
  4149 | D:11     | Noticed a manticore
  4158 | D:11     | Killed a manticore
  4166 | D:11     | Reached XP level 12. HP: 70/110 MP: 17/17
  4382 | D:11     | Found a portal to a secret trove of treasure.
  4572 | D:11     | Found a gate leading to a gauntlet.
  4585 | Gauntlet | Entered a Gauntlet
  4585 | Gauntlet | Found a transporter.
  4588 | Gauntlet | Found a transporter.
  4588 | Gauntlet | Found a transporter.
  4606 | Gauntlet | Reached skill level 14 in Axes
  4612 | Gauntlet | Reached ***** piety under Makhleb
  4614 | Gauntlet | Found a transporter.
  4638 | Gauntlet | Found a transporter.
  4639 | Gauntlet | Found a transporter.
  4639 | Gauntlet | Found a transporter.
  4664 | Gauntlet | Found a runed translucent door.
  4665 | Gauntlet | Found a runed translucent door.
  4668 | Gauntlet | Found a transporter.
  4668 | Gauntlet | Found a transporter.
  4668 | Gauntlet | Found a transporter.
  4744 | Gauntlet | Found a transporter.
  4744 | Gauntlet | Found a transporter.
  4745 | Gauntlet | Found a transporter.
  4746 | Gauntlet | Identified the +7 trident of Quick Death {freeze, Str+4
                  | Int+3}
  4766 | Gauntlet | Found a transporter.
  4766 | Gauntlet | Paralysed by you for 2 turns
  4831 | Gauntlet | Identified the +3 shortbow "Spiderbane" {antimagic, rC- rN+
                  | Int+3}
  4831 | Gauntlet | Noticed a minotaur
  4864 | Gauntlet | Killed a minotaur
  4873 | Gauntlet | Identified the +2 chain mail of Grottiness {Harm rF- Dex+3}
  5086 | Orc:1    | Entered Level 1 of the Orcish Mines
  5193 | Orc:2    | Entered Level 2 of the Orcish Mines
  5217 | Orc:2    | Reached XP level 13. HP: 82/118 MP: 20/20
  5231 | Orc:2    | Noticed an orc warlord
  5281 | Orc:2    | Found a staircase to the Elven Halls.
  5344 | Orc:2    | Reached skill level 15 in Axes
  5372 | Orc:2    | Slain by an orc warlord

Illustrated notes

Levels and vault maps discovered:
D:1:      shiori_arrival_elements, layout_basic
D:2:      minmay_razor_zed, layout_loops_ring, serial_park_tiny_2,
          grunt_decor_one_mirror, minmay_tromino_i4
D:3:      layout_rooms, mainiacjoe_overflow_boulevard,
          nicolae_overflow_quartered_altars, grunt_decor_fettered,
          minmay_cut_off
D:4:      layout_loops_cross, serial_shops, nicolae_diamond_shop,
          nrook_campfire, sigmund_edmund_badplayer
D:5:      layout_loops_ring, temple_fountains, enter_ossuary_5, uniq_sigmund
D:6:      layout_basic
D:7:      layout_loops_ring, nicolae_alphabet_shops, minmay_crossroads
D:8:      layout_basic, nzn_wu_jian_council_hall, hellmonk_lair_entry_icy,
          enter_bailey_5
D:9:      layout_basic, david_orc_2
D:10:     layout_long_grid, nicolae_overflow_crystal_walls,
          kennysheep_cluttered_room
D:11:     layout_gridville, gauntlet_entry_generic, enter_trove_0
D:12:     layout_basic, gammafunk_ghost_cemetery, uniq_snorg
Orc:1:    layout_caves
Orc:2:    st_orc_congregation, layout_caves, nicolae_orc_tapped_out

Skill      XL: |  1  2  3  4  5  6  7  8  9 10 11 12 13 |
---------------+----------------------------------------+-----
Shields        | 4 5 |  5.0
Axes           | 3 4 5 7 8 9 11 13 14 15 | 15.0
Armour         | 4 6 7 9 10 12 | 12.5
Fighting       | 4 5 6 7 9 11 12 | 12.0
Invocations    | 3 5 6 8 |  8.0

Action                     |  1- 3 |  4- 6 |  7- 9 | 10-12 | 13-15 || total
---------------------------+-------+-------+-------+-------+-------++-------
  Melee: War axe           |    61 |   118 |   294 |   477 |    47 ||   997
 Invoke: Major Destruction |       |       |       |       |     1 ||     1
  Evoke: Wand              |       |       |       |     4 |     1 ||     5
    Use: Scroll            |     5 |     4 |    10 |     2 |     1 ||    22
         Potion            |       |       |       |     7 |     1 ||     8
 Armour: Scale mail        |    38 |    58 |    76 |       |       ||   172
         Chain mail        |       |       |   139 |   209 |       ||   348
         Plate armour      |       |       |       |    60 |    34 ||    94
  Dodge: Dodged            |    24 |    27 |   151 |   131 |    15 ||   348
  Block: Buckler           |    17 |    20 |    82 |   124 |    20 ||   263

Table legend: (Time is in decaauts)
 A = Elapsed time spent in this place.
 B = Non-inter-level travel time spent in this place.
 C = Inter-level travel time spent in this place.
 D = Time resting spent in this place.
 E = Time spent auto-exploring this place.
 F = Levels seen in this place.
 G = Mean time per level.
                   A        B        C        D        E       F      G
               +--------+--------+--------+--------+--------+-----+--------+
         Total |   5487 |   5252 |    235 |     52 |     93 |  17 |  322.8 |
       Dungeon |   4366 |   4144 |    222 |     52 |     93 |  12 |  363.8 |
  Orcish Mines |    271 |    259 |     12 |      0 |      0 |   2 |  135.5 |
       Ossuary |    317 |    317 |      0 |      0 |      0 |   1 |  317.0 |
        Bailey |    254 |    254 |      0 |      0 |      0 |   1 |  254.0 |
      Gauntlet |    277 |    277 |      0 |      0 |      0 |   1 |  277.0 |
               +--------+--------+--------+--------+--------+-----+--------+

Top non-repeatable levels by time:
    D:11: 609 daAuts
     D:2: 549 daAuts
     D:8: 515 daAuts
     D:9: 480 daAuts
     D:7: 407 daAuts
     D:5: 374 daAuts
     D:6: 353 daAuts
    D:10: 333 daAuts
 Ossuary: 317 daAuts
     D:4: 303 daAuts
     D:3: 293 daAuts
Gauntlet: 277 daAuts
  Bailey: 254 daAuts
   Orc:1: 172 daAuts
     D:1: 107 daAuts
